 Dungeon Crawl Stone Soup version 0.23.0-3-gf3c87f2 (webtiles) character file.

Game seed: 2397724746970903231

666 Borgoz the Cutter (level 7, -1/58 (60) HPs)
             Began as a Ghoul Enchanter on Feb 24, 2019.
             Slain by a four-headed hydra (4 damage)
             ... on level 6 of the Dungeon.
             The game lasted 00:13:15 (3661 turns).

Borgoz the Cutter (Ghoul Enchanter)                 Turns: 3661, Time: 00:13:15

HP:   -1/58 (60)    AC: 12    Str: 16    XL:     7   Next: 57%
MP:   9/11          EV: 11    Int: 10    God:
Gold: 236           SH:  0    Dex: 14    Spells: 10/13 levels left

rFire    . . .     SeeInvis .   n - +3 short sword
rCold    + . .     Gourm    .   (no shield)
rNeg     + + +     Faith    .   l - +3 scale mail
rPois    ∞         Spirit   .   (no helmet)
rElec    .         Reflect  .   m - scarf {cloud immunity}
rCorr    .         Harm     .   r - +1 pair of gloves
MR       .....                  (no boots)
Stlth    +.........             (no amulet)
HPRegen  0.00/turn              c - +3 ring of dexterity
MPRegen  0.12/turn              j - +4 ring of strength

@: very slightly contaminated, rotting
A: rotting body, claws 1, carnivore, cold resistance 1, negative energy
resistance 3, inhibited regeneration, torment resistance, unbreathing
a: no special abilities


You were on level 6 of the Dungeon.
You were hungry.

You visited 1 branch of the dungeon, and saw 6 of its levels.

You collected 236 gold pieces.

Inventory:

Hand Weapons
 n - a +3 short sword (weapon)
 s - a +3 quarterstaff of chaos
Missiles
 a - 11 tomahawks (quivered)
Armour
 l - a +3 scale mail (worn)
 m - a scarf of cloud immunity (worn)
 r - a +1 pair of gloves (worn)
Jewellery
 c - a +3 ring of dexterity (left hand)
 e - an uncursed ring of stealth
 g - an uncursed ring of ice
 h - an uncursed amulet of faith
 j - a +4 ring of strength (right hand)
 o - a +3 ring of intelligence {unknown}
Wands
 i - a wand of enslavement (5)
Scrolls
 k - a scroll of amnesia {unknown}
 p - a scroll of enchant weapon
 q - a scroll of magic mapping
Potions
 f - a potion of resistance
Comestibles
 b - 2 chunks of flesh
 d - 6 rations


   Skills:
 + Level 4.4 Fighting
 * Level 6.1 Short Blades
 - Level 3.0 Throwing
 + Level 3.8 Armour
 + Level 4.1 Dodging
 + Level 3.9 Stealth
 + Level 3.5 Spellcasting
 + Level 4.0 Hexes


You had 10 spell levels left.
You knew the following spells:

 Your Spells              Type           Power        Failure   Level  Hunger
a - Corona                Hex            #......      19%         1    #......
b - Ensorcelled Hibernat  Hex/Ice        #.....       52%         2    ###....

Your spell library contained the following spells:

 Spells                   Type           Power        Failure   Level  Hunger
 Confuse                  Hex            #.......     47%         3    ###....
 Tukima's Dance           Hex            #.......     47%         3    ###....
 Dazzling Spray           Conj/Hex       #.....       77%         3    ###....


Dungeon Overview and Level Annotations

Branches:
Dungeon (6/15)
 Temple: D:4-7

Altars:
Makhleb
Okawaru
Xom

Shops:
D:4 %   D:5 (

Annotations:
D:5 Dowan


Innate Abilities, Weirdness & Mutations

Your body is rotting away.
You thrive on raw meat.
You are immune to poison.
You have sharp fingernails.
You are carnivorous and can eat meat at any time.
Your flesh is cold resistant. (rC+)
You are immune to negative energy. (rN+++)
You do not regenerate when monsters are visible.
You are immune to unholy pain and torment.
You can survive without breathing.


Message History

Casting: Corona (safe; 19% risk of failure)
Confirm with . or Enter, or press ? or * to list all spells.
Aiming: Corona (safe; 19% risk of failure)
Press: ? - help, Shift-Dir - straight line, f/p - quasit
Aim: a quasit (moderately wounded, chance to defeat MR: 52%)
The four-headed hydra is outlined in light.
The four-headed hydra bites you but does no damage.
The four-headed hydra bites you. The four-headed hydra misses you.
The four-headed hydra bites you.
You hit the four-headed hydra.
The four-headed hydra is lightly wounded.
The four-headed hydra bites you! x2; The four-headed hydra bites you. x2
* * * LOW HITPOINT WARNING * * *
Okay, then.
There is a stone staircase leading up here.
The four-headed hydra closely misses you.
The four-headed hydra bites you!
* * * LOW HITPOINT WARNING * * *
The four-headed hydra bites you.
You die...

.#..... .....#
#....# ###. #....#
##... #....#
...#.######....#
...........#.#
#........÷.Z#####
#.........ZZ5D@.#
###..........l##...#
........|.....##...#
..............##...#
.#.#...............#
$. ##........##..∩.#
..........# #...#
.#..........##...# .
#..........# ..#


You could see a four-headed hydra, a quasit, a hound zombie, a worker ant
zombie, a leopard gecko and an adder skeleton.

Vanquished Creatures
  Duvessa (D:5)
  An ogre (D:4)
  A howler monkey (D:6)
  A bullfrog zombie (D:5)
  2 bullfrog skeletons (D:4)
  Crazy Yiuf (D:4)
  An orc wizard (D:3)
  A gnoll shaman (D:4)
  Ijyb (D:4)
  7 adders
  3 gnolls
  An ooze (D:1)
  An adder zombie (D:5)
  A dart slug (D:1)
  7 leopard geckos
  17 orcs
  5 bats
  2 giant cockroaches
  7 hobgoblins
  A jackal (D:5)
  3 ball pythons
  3 frilled lizards
  9 goblins
  8 kobolds
  5 rats
90 creatures vanquished.

Notes
Turn   | Place    | Note
-------+----------+-------------------------------------------
     0 | D:1      | Borgoz the Ghoul Enchanter began the quest for the Orb.
     0 | D:1      | Reached XP level 1. HP: 14/14 MP: 2/2
     6 | D:1      | Reached skill level 1 in Short Blades
   138 | D:1      | You fall through a shaft!
   226 | D:1      | Reached XP level 2. HP: 20/20 MP: 3/3
   272 | D:1      | Learned a level 2 spell: Ensorcelled Hibernation
   399 | D:1      | Reached XP level 3. HP: 21/26 MP: 4/4
   628 | D:2      | Reached skill level 5 in Short Blades
   628 | D:2      | Reached XP level 4. HP: 40/40 MP: 5/8
   667 | D:2      | Found an iron altar of Okawaru.
   870 | D:2      | Found a burning altar of Makhleb.
  1557 | D:3      | Found a shimmering altar of Xom.
  1558 | D:3      | Found a shimmering altar of Xom.
  1558 | D:3      | Found a shimmering altar of Xom.
  1559 | D:3      | Found a shimmering altar of Xom.
  1568 | D:3      | Found a shimmering altar of Xom.
  1586 | D:3      | Found a shimmering altar of Xom.
  1586 | D:3      | Found a shimmering altar of Xom.
  1601 | D:3      | Reached XP level 5. HP: 39/46 MP: 9/9
  1907 | D:3      | Found a faded altar of an unknown god.
  2152 | D:4      | Reached XP level 6. HP: 30/52 MP: 10/10
  2335 | D:4      | Noticed Ijyb
  2357 | D:4      | Killed Ijyb
  2777 | D:5      | Entered Level 5 of the Dungeon
  2805 | D:5      | Reached XP level 7. HP: 56/60 MP: 11/11
  2848 | D:5      | Found Etiyb's Antique Weapon Boutique.
  2913 | D:4      | Found Enu Cuqa's Food Emporium.
  2962 | D:4      | Found a runed translucent door.
  2963 | D:4      | Noticed Crazy Yiuf
  3150 | D:4      | Killed Crazy Yiuf
  3224 | D:5      | Noticed Duvessa
  3224 | D:5      | Noticed Dowan
  3306 | D:5      | Killed Duvessa
  3306 | D:5      | Reached skill level 6 in Short Blades
  3638 | D:6      | Noticed a four-headed hydra
  3661 | D:6      | Slain by a four-headed hydra

Skill      XL: |  1  2  3  4  5  6  7 |
---------------+----------------------+-----
Short Blades   | 1 5 6 |  6.1
Dodging        | 2 4 |  4.1
Fighting       | 4 |  4.4
Throwing       | 3 |  3.0
Armour         | 3 |  3.8
Spellcasting   | 3 |  3.5
Hexes          | 4 |  4.0
Stealth        | |  3.9

Action                   |  1- 3 |  4- 6 |  7- 9 || total
-------------------------+-------+-------+-------++-------
Melee: Dagger            |    77 |    83 |       ||   160
       Short sword       |       |   184 |   114 ||   298
 Cast: Ensorcelled Hiber |       |     2 |       ||     2
       Corona            |       |     1 |     6 ||     7
  Use: Scroll            |     3 |     9 |     1 ||    13
       Potion            |     2 |     2 |     7 ||    11
 Stab: Sleeping          |     5 |       |       ||     5
  Eat: Chunk             |    12 |    18 |       ||    30
Armor: Robe              |    13 |    10 |       ||    23
       Scale mail        |       |   109 |    48 ||   157
Dodge: Dodged            |    48 |   103 |    63 ||   214
